 Dungeon Crawl Stone Soup version 0.13.0-9-gbc74161 (webtiles) character file.

766 HungrySpirit the Magician (level 7, -2/37 HPs)
             Began as a Deep Elf Fire Elementalist on Oct 17, 2013.
             Was a Follower of Sif Muna.
             Killed from afar by Sigmund (10 damage)
             ... with a puff of flame
             ... on Level 4 of the Dungeon.
             The game lasted 00:13:43 (4586 turns).

HungrySpirit the Magician (DEFE)                    Turns: 4586, Time: 00:13:43

HP  -2/37        AC  3     Str  6      XL: 7   Next: 21%
MP  13/22        EV 13     Int 21      God: Sif Muna [*.....]
Gold 151         SH  0     Dex 15      Spells:  4 memorised,  5 levels left

Res.Fire  : . . .   See Invis. : .   g - +0 short sword
Res.Cold  : . . .   Warding    : .   a - +0 elf robe
Life Prot.: . . .   Conserve   : .   (no shield)
Res.Poison: .       Res.Corr.  : .   p - +1 wizard hat
Res.Elec. : .       Clarity    : .   (no cloak)
Sust.Abil.: . .     Spirit.Shd : .   (no gloves)
Res.Mut.  : .       Stasis     : .   (no boots)
Res.Rott. : .       Flight     : .   (no amulet)
Saprovore : . . .                    (no ring)
                                     (no ring)

@: quite poisoned, slightly resistant to hostile enchantments, fairly stealthy
A: no striking features
a: Channel Energy, Renounce Religion


You were on level 4 of the Dungeon.
You worshipped Sif Muna.
Sif Muna was aware of your devotion.
You were hungry.

You visited 1 branch of the dungeon, and saw 4 of its levels.

You collected 131 gold pieces.

Inventory:

Hand weapons
 g - a +0,+0 short sword (weapon)
Armour
 a - a +0 elven robe (worn)
 p - a +1 wizard hat (worn)
Magical devices
 t - a wand of lightning (4)
Comestibles
 c - 3 bread rations
 s - a rotting chunk of hobgoblin flesh
Scrolls
 d - 2 scrolls of remove curse {unknown}
 e - 5 scrolls of identify {unknown}
 j - 2 scrolls of curse armour {unknown}
 k - 2 scrolls of fog {unknown}
 l - 2 scrolls of recharging {unknown}
 m - a scroll of enchant armour {unknown}
 o - a scroll of noise {unknown}
 u - a scroll of enchant weapon I {unknown}
Jewellery
 n - an uncursed ring of positive energy {unknown}
Potions
 f - a potion of mutation {unknown}
 h - a potion of curing {unknown}
 i - a potion of cure mutation {unknown}
 q - a potion of confusion {unknown}
Books
 b - a book of Flames

   Spells                             Type                      Level
   *Flame Tongue                      Conjuration/Fire             1
   Throw Flame                        Conjuration/Fire             2
   *Conjure Flame                     Conjuration/Fire             3
   Inner Flame                        Hexes/Fire                   3
   *Sticky Flame                      Conjuration/Fire             4
   *Fireball                          Conjuration/Fire             5


   Skills:
 * Level 1.9 Fighting
 - Level 2.4 Dodging
 - Level 2.4 Stealth
 + Level 6.0 Spellcasting
 - Level 5.0 Conjurations
 - Level 5.0 Fire Magic


You had 5 spell levels left.
You knew the following spells:

 Your Spells              Type           Power        Failure   Level  Hunger
a - Flame Tongue          Conj/Fire      ####.        1%          1    None
b - Conjure Flame         Conj/Fire      ####....     3%          3    ##.....
c - Fireball              Conj/Fire      ####......   34%         5    #####..
d - Sticky Flame          Conj/Fire      ####....     14%         4    ####...


Dungeon Overview and Level Annotations

Branches:
Dungeon (4/27)
 Temple: D:4-7

Altars:
Nemelex Xobeh
Sif Muna
the Shining One

Annotations:
D:4 Sigmund


Message History

It hits you!
* * * LOW HITPOINT WARNING * * *
You are more poisoned.
You see here a bat corpse.
Casting: Flame Tongue
Confirm with . or Enter, or press ? or * to list all spells.
Aiming: Flame Tongue
Press: ? - help, Shift-Dir - straight line, f - you
Okay, then.
* * * LOW HITPOINT WARNING * * *
You feel sick.
Casting: Flame Tongue
Confirm with . or Enter, or press ? or * to list all spells.
Aiming: Flame Tongue
Press: ? - help, Shift-Dir - straight line The flame hits something.
* * * LOW HITPOINT WARNING * * *
You feel sick. The puff of flame hits you!
Your scroll labeled TAERCH FAC CIU catches fire!
You die...

#.. #.. ###.g ## ..... ..
#..## ##.# # ####
#....#%..#... [.#
#.###..##ยง# #.. #.#
#.......%.####.#...##<###
#.###..#@..<.............
#.............###.###
####.#.######## #.#
#####.#.#### #.#
........>...# #.#
####.......##### #.#
#...........###.#
#.......###...[.#
#.......# ####..#


There were no monsters in sight!

Vanquished Creatures
  The ghost of darksquall the Chopper, an average DDBe of Trog (D:3)
  Edmund (D:4)
  Crazy Yiuf (D:3)
  2 worker ants (D:4)
  An orc wizard (D:3)
  6 adders
  A giant mite (D:3)
  A worm (D:3)
  An adder zombie (D:2)
  2 giant geckos
  13 orcs
  A ball python (D:2)
  5 bats
  3 giant cockroaches (D:1)
  9 goblins
  8 hobgoblins
  4 jackals (D:2)
  9 kobolds
  A quokka (D:2)
  A giant cockroach zombie (D:2)
  A giant gecko skeleton (D:2)
  6 giant newts
  A kobold zombie (D:2)
  2 orc zombies (D:2)
  15 rats
  2 rat zombies (D:2)
98 creatures vanquished.

Notes
Turn   | Place    | Note
--------------------------------------------------------------
     0 | D:1      | HungrySpirit, the Deep Elf Fire Elementalist, began the quest for the Orb.
     0 | D:1      | Reached XP level 1. HP: 10/10 MP: 4/4
   278 | D:1      | Reached XP level 2. HP: 7/15 MP: 1/7
  1250 | D:2      | Reached XP level 3. HP: 19/19 MP: 5/10
  1319 | D:2      | Learned a level 3 spell: Conjure Flame
  1477 | D:2      | Reached skill level 4 in Spellcasting
  1662 | D:2      | Paralysed by a potion of paralysis for 3 turns
  2219 | D:2      | Reached XP level 4. HP: 24/24 MP: 12/14
  2318 | D:2      | Found a glowing golden altar of the Shining One.
  2319 | D:2      | Found a deep blue altar of Sif Muna.
  2325 | D:2      | Became a worshipper of Sif Muna the Loreminder
  2687 | D:2      | Reached skill level 5 in Spellcasting
  3326 | D:3      | Noticed Crazy Yiuf
  3333 | D:3      | Killed Crazy Yiuf
  3333 | D:3      | Reached XP level 5. HP: 28/28 MP: 6/18
  3501 | D:3      | Noticed darksquall's ghost (average DDBe)
  3511 | D:3      | Killed darksquall's ghost
  3511 | D:3      | Acquired Sif Muna's first power
  3511 | D:3      | Reached XP level 6. HP: 21/32 MP: 11/20
  3955 | D:3      | Found a sparkling altar of Nemelex Xobeh.
  4179 | D:4      | Reached skill level 5 in Fire Magic
  4185 | D:4      | Learned a level 4 spell: Sticky Flame
  4191 | D:4      | Learned a level 5 spell: Fireball
  4225 | D:4      | Reached skill level 5 in Conjurations
  4450 | D:4      | Noticed Edmund
  4454 | D:4      | Killed Edmund
  4454 | D:4      | Reached skill level 1 in Fighting
  4454 | D:4      | Reached skill level 6 in Spellcasting
  4454 | D:4      | Reached XP level 7. HP: 29/37 MP: 1/22
  4468 | D:4      | Noticed Sigmund
  4586 | D:4      | Killed from afar by Sigmund

Action                   |  1- 3 |  4- 6 |  7- 9 || total
-------------------------+-------+-------+-------++-------
Melee: Short sword       |    23 |    27 |       ||    50
       Unarmed           |     1 |       |       ||     1
 Cast: Flame Tongue      |    78 |   106 |     8 ||   192
       Conjure Flame     |       |     8 |     1 ||     9
       Sticky Flame      |       |     2 |       ||     2
Evoke: Wand              |       |     1 |       ||     1
  Use: Potion            |     3 |       |       ||     3
